 Dungeon Crawl Stone Soup version 0.32-a0-120-gfac0567ad4 (webtiles) character file.

Game seed: 16773305453221076128

1136 cowhearter the Carver (level 8, 0/56 HPs)
             Began as a Demonspawn Gladiator on Feb 7, 2024.
             Was a Believer of Uskayaw.
             Slain by Duvessa
             ... wielding a +0 rapier of venom
              (4 damage)
             ... on level 5 of the Dungeon.
             The game lasted 00:10:46 (4628 turns).

cowhearter the Carver (Demonspawn Gladiator)        Turns: 4628, Time: 00:10:47

Health: 0/56       AC: 10    Str: 17    XL:     8   Next: 14%
Magic:  8/8        EV: 12    Int: 13    God:    Uskayaw [**....]
Gold:   258        SH:  0    Dex: 14    Spells: 7/7 levels left

rFire   . . .        x - +6 long sword of Bodily Harmony {flame, Int+4 Stlth+}
rCold   . . .        (no shield)
rNeg    . . .        b - +0 leather armour
rPois   .            c - +0 helmet
rElec   .            A - +2 cloak
rCorr   .            (no gloves)
SInv    .            k - +0 pair of boots
Will    .....        (no amulet)
Stlth   ++           (no ring)
HPRegen 0.29/turn    (no ring)
MPRegen 0.11/turn

%: no passive effects
@: lethally poisoned (0 -> -12)
A: claws 2, slimy green scales 1, powered by death 1, condensation shield
a: Renounce Religion, Stomp, Line Pass


You were on level 5 of the Dungeon.
You worshipped Uskayaw.
Uskayaw was noncommittal.
You visited 1 branch of the dungeon, and saw 5 of its levels.

You collected 258 gold pieces.

Inventory:

Hand Weapons
 a - a +0 long sword
 x - the +6 long sword of Bodily Harmony (weapon) {flame, Int+4 Stlth+}
   (You found it on level 5 of the Dungeon)

   Int+4:     It affects your intelligence (+4).
   Stlth+:    It makes you more stealthy.
 z - a +2 antimagic scythe
Missiles
 d - 4 throwing nets (quivered)
 e - a javelin
 q - 5 poisoned darts
Armour
 b - a +0 leather armour (worn)
 c - a +0 helmet (worn)
 k - a +0 pair of boots (worn)
 A - a +2 cloak (worn)
Jewellery
 w - a ring of flight
Talismans
 j - a flux talisman
Scrolls
 f - 2 scrolls of fear {unknown}
 g - a scroll of noise {unknown}
 i - a scroll of fog {unknown}
 m - a scroll of vulnerability {unknown}
 r - 2 scrolls of identify {unknown}
 t - a scroll of teleportation {unknown}
 v - 2 scrolls of torment {unknown}
 y - a scroll of revelation {unknown}
Potions
 h - 2 potions of magic
 l - a potion of heal wounds {unknown}
 n - 2 potions of brilliance {unknown}
 o - a potion of attraction {unknown}
 p - a potion of haste {unknown}
 s - a potion of cancellation {unknown}
 u - a potion of lignification {unknown}


   Skills:
 - Level 2.0 Fighting
 + Level 9.3 Long Blades
 - Level 1.7 Throwing
 - Level 2.6 Dodging


You had 7 spell levels left.
You didn't know any spells.
Your spell library was empty.

Dungeon Overview and Level Annotations

Branches:
Dungeon (5/15)
 Temple: D:4-7

Altars:
Ru
Trog
Uskayaw

Shops:
D:1 :

Annotations:
D:1 2 runed translucent doors
D:5 2 transporters, Dowan; Duvessa; Krumphau's ghost, novice MiFi


Innate Abilities, Weirdness & Mutations

You have very sharp fingernails.
You are partially covered in slimy green scales. (AC +2)
You regenerate a little health from kills.
A meltable shield of frost defends you. (SH +0)


Message History

You feel very sick.
You slash Duvessa! You burn Duvessa.
Duvessa is almost dead.
You feel sick. Duvessa closely misses you. Dowan casts a spell at you.
The puff of frost hits you.
Uskayaw will force your foes to helplessly watch your dance.
Uskayaw prepares the audience for your solo!
You feel sick.
Duvessa is no longer paralysed.
Dowan is no longer paralysed.
Duvessa hits you with a +0 rapier of venom.
You are more poisoned.
You feel very sick. Duvessa attacks as she pursues you!
Duvessa hits you but does no damage.
You are more poisoned.
Dowan casts a spell at you.
The puff of flame hits you but does no damage.
Your condensation shield dissipates!
You feel very sick.
You feel very sick.
You barely miss Duvessa.
Duvessa is almost dead.
You feel very sick.
Duvessa hits you with a +0 rapier of venom!
* * * LOW HITPOINT WARNING * * *
Dowan mumbles some strange words.
Dowan blinks!
You closely miss Duvessa.
Duvessa is almost dead.
* * * LOW HITPOINT WARNING * * *
You feel very sick.
Dowan points at you and mumbles some strange words.
You resist with some effort. Duvessa hits you but does no damage.
You are more poisoned.
It was a potion of magic.
Magic courses through your body.
* * * LOW HITPOINT WARNING * * *
You feel very sick.
Duvessa says, "When magic and the sword combine, nothing stands against them."
Duvessa hits you with a +0 rapier of venom.
You die...
Your body falls in perfect tune with the rhythm.

#.. #....# #........
##'##..%.##### +........
#............# #........
#.$.........(####<.......
#..................#####.
#.................. #.
#......§...........#...#.
########e..........#...#.
......#@......... #...#.
......#.....?.... #..>#.
.....#.......... #...#.
...#.....##+####...##
#.#.e...#...#.......
##...................
#..........©........#
#....#############.†#
###..# .W..Z... #..#


You could see Duvessa and Dowan.

Vanquished Creatures
  Sigmund (D:5)
  A water moccasin (D:5)
  2 ogres
  A centaur (D:5)
  A bullfrog (D:5)
  A scorpion (D:4)
  A bombardier beetle (D:5)
  2 hounds (D:5)
  2 jellies
  A sleepcap (D:3)
  4 iguanas
  An orc wizard (D:3)
  Natasha (twice) (D:3)
  4 adders
  6 ufetubi (D:5)
  4 ribbon worms
  A dart slug (D:1)
  9 orcs
  3 bats (D:2)
  8 endoplasms
  A giant cockroach (D:2)
  7 goblins
  6 hobgoblins
  7 jackals
  2 quokkas
  6 ball pythons
  5 frilled lizards
  5 kobolds
  5 rats
99 creatures vanquished.

Notes
Turn   | Place    | Note
-------+----------+-------------------------------------------
     0 | D:1      | cowhearter the Demonspawn Gladiator began the quest for the
                  | Orb.
     0 | D:1      | Reached XP level 1. HP: 16/16 MP: 1/1
    23 | D:1      | Reached skill level 3 in Long Blades
   113 | D:1      | Gained mutation: A meltable shield of frost defends you.
                  | (SH +0) [demonic ancestry]
   113 | D:1      | Reached XP level 2. HP: 14/22 MP: 2/2
   336 | D:1      | Found Jyjyi's Vocational Training.
   952 | D:1      | Found a large runed translucent door.
   952 | D:1      | Found a large runed translucent door.
  1454 | D:2      | Gained mutation: You regenerate a little health from kills.
                  | [demonic ancestry]
  1454 | D:2      | Reached XP level 3. HP: 9/27 MP: 3/3
  1533 | D:2      | Reached skill level 4 in Long Blades
  1683 | D:2      | Reached XP level 4. HP: 33/33 MP: 4/4
  2281 | D:3      | Reached skill level 5 in Long Blades
  2370 | D:3      | Gained mutation: You have sharp fingernails. [demonic
                  | ancestry]
  2370 | D:3      | Reached XP level 5. HP: 38/38 MP: 5/5
  2420 | D:3      | Found a faded altar of an unknown god.
  2421 | D:3      | Noticed an ogre
  2428 | D:3      | Killed an ogre
  2669 | D:3      | Noticed Natasha
  2676 | D:3      | Killed Natasha
  2677 | D:3      | Reached skill level 6 in Long Blades
  2761 | D:3      | Found a sacrificial altar of Ru.
  2983 | D:3      | Noticed Natasha
  2992 | D:3      | Killed Natasha
  2993 | D:3      | Gained mutation: You are partially covered in slimy green
                  | scales. (AC +2) [demonic ancestry]
  2993 | D:3      | Reached XP level 6. HP: 29/44 MP: 6/6
  3557 | D:4      | Found a hide-covered altar of Uskayaw.
  3608 | D:4      | Reached skill level 7 in Long Blades
  3611 | D:5      | Entered Level 5 of the Dungeon
  3810 | D:4      | Found a bloodstained altar of Trog.
  4044 | D:4      | Became a worshipper of Uskayaw the Reveller
  4102 | D:5      | Reached XP level 7. HP: 50/50 MP: 7/7
  4104 | D:5      | Reached * piety under Uskayaw
  4154 | D:5      | Reached ** piety under Uskayaw
  4161 | D:5      | Identified the +6 long sword of Bodily Harmony {flame,
                  | Int+4 Stlth+}
  4305 | D:5      | Reached skill level 8 in Long Blades
  4400 | D:5      | Reached *** piety under Uskayaw
  4446 | D:5      | Found a transporter.
  4456 | D:5      | Noticed Sigmund
  4470 | D:5      | Killed Sigmund
  4471 | D:5      | Reached skill level 9 in Long Blades
  4471 | D:5      | Gained mutation: You have very sharp fingernails. [demonic
                  | ancestry]
  4471 | D:5      | Reached XP level 8. HP: 43/56 MP: 3/8
  4540 | D:5      | Found a transporter.
  4604 | D:5      | Noticed Krumphau's ghost (novice MiFi)
  4610 | D:5      | Noticed Dowan
  4611 | D:5      | Noticed Duvessa
  4628 | D:5      | Slain by Duvessa

Illustrated notes

Levels and vault maps discovered:
D:1:      erik_arrival_cave_to_civilisation [erik_arrival_cave_to_temple],
          layout_basic, nicolae_shop_vocational
D:2:      layout_basic, minmay_octomino_c4
D:3:      layout_loops_cross, nicolae_ru_awakened_eye,
          nicolae_ecumenical_pavilion, uniq_natasha
D:4:      layout_rooms, nicolae_uskayaw_suspiria, overflow_temple_1_default
D:5:      layout_gridville, gammafunk_ghost_mausoleum, uniq_sigmund,
          uniq_crazy_yiuf_cottage, uniq_duvessa

Skill      XL: |  1  2  3  4  5  6  7 |
---------------+----------------------+-----
Long Blades    | 3 4 5 6 7 9 |  9.3
Fighting       | |  2.0
Throwing       | |  1.7
Dodging        | |  2.6

Action                     |  1- 3 |  4- 6 |  7- 9 || total
---------------------------+-------+-------+-------++-------
  Melee: Long sword        |   102 |   181 |    66 ||   349
         Punch             |     1 |     9 |     2 ||    12
    Use: Potion            |       |       |     1 ||     1
   Stab: Sleeping          |     2 |       |     3 ||     5
         Paralysed         |       |       |     1 ||     1
 Armour: Leather armour    |    61 |   111 |    56 ||   228
  Dodge: Dodged            |    57 |   114 |    41 ||   212
  Block: Other             |    14 |    20 |    18 ||    52

Table legend: (Time is in decaauts)
 A = Elapsed time spent in this place.
 B = Non-inter-level travel time spent in this place.
 C = Inter-level travel time spent in this place.
 D = Time resting spent in this place.
 E = Time spent auto-exploring this place.
 F = Levels seen in this place.
 G = Mean time per level.
                   A        B        C        D        E       F      G
               +--------+--------+--------+--------+--------+-----+--------+
         Total |   4684 |   4611 |     73 |    464 |   3097 |   5 |  936.8 |
       Dungeon |   4684 |   4611 |     73 |    464 |   3097 |   5 |  936.8 |
               +--------+--------+--------+--------+--------+-----+--------+

Top non-repeatable levels by time:
     D:1: 1415 daAuts
     D:3: 1101 daAuts
     D:2: 876 daAuts
     D:5: 654 daAuts
     D:4: 636 daAuts
